Cogmind - Beta 16 @@@ ROGUE MODE // 2026.01.27 @ 18:13:00 Player: PE-P51_RE Result: Destroyed by Optimus with Helical Railgun Performance ------------- Evolutions (1) 500 Regions Visited (5) 1000 Robots Destroyed (129) 645 Value Destroyed (3108) 3108 Prototype IDs (6) 120 Alien Tech Used (0) 0 Bonus (599) 599 TOTAL SCORE: 5972 Bonus ------- High Alert Combat Kills 41 Follower Combat Kills 315 Registered with UFD 300 Friendly Fire -57 Cogmind --------- Core Integrity 0/400 Matter 289/300 Energy 100/100 System Corruption 0% Temperature Hot (221) Movement Core (750) Ox14 Location -9/Scraptown Parts ------- > --- POWER (1) -------- (None) > --- PROPULSION (3) --- (None) > --- UTILITY (3) ------ High-capacity Storage Unit Signal Interpreter > --- WEAPON (2) ------- Spread Laser > --- INVENTORY (20) --- Cooled Ion Engine Cooled Ion Engine Cooled Ion Engine Light Treads Light Treads Flight Unit Flight Unit VTOL Module VTOL Module Improved Heat Sink Light Armor Plating Hacking Suite Authchip [R/NC] Authchip [R/Combat] Improved EM Shotgun Improved EM Shotgun Improved Light Cannon Rocket Launcher Mining Laser Heavy Mace Peak State ------------ > --- POWER ------------ Heavy Ion Engine > --- PROPULSION ------- Light Treads Light Treads Light Treads > --- UTILITY ---------- Improved Heat Sink High-capacity Storage Unit Medium Armor Plating > --- WEAPON ----------- Autogun Heavy Mace > --- INVENTORY -------- Heavy Ion Engine Light Treads Flight Unit Flight Unit Flight Unit High-capacity Matter Pod Medium Armor Plating Medium Armor Plating Medium Armor Plating Medium Armor Plating Authchip [R/NC] Authchip [R/Combat] Recalibrator Spread Laser Advanced Beam Cannon Autogun Autogun Improved Light Cannon Grenade Launcher Mining Laser [Rating: 21] Favorites ----------- Power Cooled Ion Engine Engine Cooled Ion Engine Propulsion Light Treads Treads Light Treads Leg Aluminum Leg Utility High-capacity Storage Unit Device Improved Heat Sink Storage High-capacity Storage Unit Processor Signal Interpreter Protection Light Armor Plating Weapon Autogun Energy Gun Spread Laser Energy Cannon Advanced Beam Cannon Ballistic Gun Autogun Ballistic Cannon Light Cannon Launcher Grenade Launcher Impact Weapon Heavy Mace Build | -11 -10 -9 -9 -9 -9 ------- Run | Yrd Mat Mat Sto Rec Scr Slots Evolved 2 | . . 2 . . . Power . | . . . . . . Propulsion 1 | . . 1 . . . Utility 1 | . . 1 . . . Weapon . | . . . . . . Parts Attached 62 | . 14 22 22 4 . Power 6 | . 1 2 3 . . Engine 6 | . 1 2 3 . . Core . | . . . . . . Reactor . | . . . . . . Propulsion 26 | . 4 8 11 3 . Treads 25 | . 4 7 11 3 . Leg 1 | . . 1 . . . Wheel . | . . . . . . Hover . | . . . . . . Flight . | . . . . . . Utility 14 | . 4 6 3 1 . Device 2 | . . 2 . . . Storage 2 | . 1 1 . . . Processor 1 | . . 1 . . . Hackware . | . . . . . . Protection 9 | . 3 2 3 1 . Artifact . | . . . . . . Weapon 16 | . 5 6 5 . . Energy Gun 2 | . . . 2 . . Energy Cannon 1 | . . 1 . . . Ballistic Gun 6 | . 1 3 2 . . Ballistic Cannon 3 | . 2 1 . . . Launcher 2 | . 1 . 1 . . Special Weapon . | . . . . . . Impact Weapon 2 | . 1 1 . . . Slashing Weapon . | . . . . . . Piercing Weapon . | . . . . . . Special Melee Weapon . | . . . . . . Unidentified Prototypes 5 | . . 2 3 . . Parts Lost 9 | . . 3 3 1 2 Power 2 | . . 1 1 . . Propulsion 2 | . . 1 . . 1 Utility 3 | . . . 1 1 1 Weapon 2 | . . 1 1 . . Highest Loss Streak 2 | . . 1 1 1 2 To Critical Strikes 1 | . . . . . 1 Average Backups 17 | . 11 16 19 20 20 Power 1 | . . . 2 3 3 Propulsion 4 | . 1 2 5 6 6 Utility 5 | . 5 5 4 5 5 Weapon 6 | . 4 6 6 6 6 Tool/Special . | . . . . . . Unused Backups 40 | . 9 9 6 . 16 Power 6 | . 2 . 1 . 3 Propulsion 5 | . . . 1 . 4 Utility 16 | . 3 5 3 . 5 Weapon 13 | . 4 4 1 . 4 Tool/Special . | . . . . . . Average Slot Usage (%) 98 | . 99 96 99 99 99 Engine 11 | . 14 10 10 11 11 Treads 30 | . 23 29 33 33 32 Leg 1 | . 4 1 . . . Device 2 | . . 8 . . . Storage 11 | . 14 11 11 11 11 Processor 6 | . . 2 11 11 11 Protection 11 | . 13 11 10 10 11 Energy Gun 4 | . 2 . 4 11 11 Ballistic Gun 13 | . 2 19 16 11 11 Ballistic Cannon 4 | . 21 2 . . . Peak Build Rating 21 | . 12 21 21 18 18 Average Rating 16 | . 9 17 18 17 17 On Entrance 12 | 6 6 11 18 18 18 Avg Prop Armor Cover (%) 4 | . . 4 . . . Naked Turns . | . . . . . . Heaviest Build 62 | 12 36 62 62 57 57 Greatest Support 60 | 20 40 60 60 60 60 Greatest Overweight (x) 1 | . . 1 1 . . Average Overweight (x) . | . . . . . . Largest Inventory Capacity 20 | . 15 20 20 20 20 Average Capacity 17 | . 12 17 20 20 20 Most Carried 20 | . 15 20 20 20 20 Average Carried 17 | . 11 16 19 20 20 Final Capacity 20 | 8 15 20 20 20 20 Final Carried 20 | 6 15 20 20 20 20 Class Distribution -------------------- 45% | Mutant 29% | Commander-Mutant 25% | Scavenger-Mutant Dominant Class ---------------- Mutant | -10/Materials Mutant | -9/Materials Mutant | -9/Storage Commander-Mutant | -9/Recycling Commander-Mutant | -9/Scraptown Resources | -11 -10 -9 -9 -9 -9 ----------- Run | Yrd Mat Mat Sto Rec Scr Matter Collected 3287 | 200 721 1285 1028 53 . Remotely . | . . . . . . Salvage Created 4523 | . 1035 1722 1560 206 . Parts 288 | . 64 110 102 12 . Haulers Intercepted 9 | . 2 4 3 . . Recyclers Shooed 17 | . 4 5 7 1 . Parts Field Recycled . | . . . . . . Retrieved Matter . | . . . . . . Parts Self-Destructed . | . . . . . . Prevented . | . . . . . . Parts Restored . | . . . . . . Kills | -11 -10 -9 -9 -9 -9 ------- Run | Yrd Mat Mat Sto Rec Scr Combat Hostiles Destroyed 78 | . 17 32 27 2 . Melee 1 | . 1 . . . . Guns 49 | . 4 21 22 2 . Cannons 14 | . 9 5 . . . AOE 14 | . 3 6 5 . . Classes Destroyed 12 | . 10 2 . . . Worker 5 | . 2 3 . . . Builder 5 | . 2 1 2 . . Tunneler 1 | . 1 . . . . Hauler 9 | . 2 4 3 . . Recycler 15 | . 4 5 4 2 . Mechanic 3 | . 1 . 2 . . Operator 5 | . 1 2 2 . . Watcher 8 | . 3 4 1 . . Swarmer 14 | . 3 8 3 . . Grunt 39 | . 14 14 11 . . Duelist 3 | . . 1 2 . . Sentry 22 | . . 9 11 2 . Best Kill Streak 10 | . 4 8 10 2 . Combat Bots Only 7 | . 3 7 7 2 . Max Kills in Single Turn 4 | . 2 3 4 1 . Gunslinging . | . . . . . . Exploded 4 | . 2 2 4 . . Melee 1 | . 1 . . . . Uniques/NPCs Destroyed . | . . . . . . Combat | -11 -10 -9 -9 -9 -9 -------- Run | Yrd Mat Mat Sto Rec Scr Hostile Shots Fired 366 | . 73 151 95 8 39 Missed 102 | . 20 41 33 2 6 Hits 264 | . 53 110 62 6 33 Melee 9 | . . . . . 9 Projectile 255 | . 53 110 62 6 24 Critical Strikes 12 | . . 5 5 . 2 Damage Taken 3494 | . 619 1317 866 86 606 Core 473 | . 67 153 104 15 134 Absorbed by Shields . | . . . . . . Regen/Repaired (Parts) 55 | . . 55 . . . Core Remaining (%) 86 | 100 73 . . . . Volleys Fired 334 | . 58 149 113 6 8 Largest 2 | . 2 2 2 2 2 Hottest 88 | . 60 60 88 88 88 Shots Fired 573 | . 107 259 180 12 15 Gun 453 | . 30 220 176 12 15 Cannon 108 | . 74 34 . . . Launcher 12 | . 3 5 4 . . Special . | . . . . . . Kinetic 503 | . 91 254 145 6 7 Thermal 45 | . . . 31 6 8 Explosive 12 | . 3 5 4 . . Electromagnetic 13 | . 13 . . . . Robot Hit Streak 20 | . 13 17 20 7 5 Robot Miss Streak 5 | . 3 4 5 2 5 Penetration Max . | . . . . . . Secondary Targets 4 | . . 3 1 . . Max Gunslinging Chain 1 | . . 1 1 . . Shots Hit Robots 431 | . 73 189 146 10 13 Core Hits 212 | . 34 76 93 5 4 Critical Kills 1 | . 1 . . . . Critical Parts Destroyed 4 | . 2 . 2 . . Critical Strikes 10 | . 8 . 2 . . Blast 5 | . 5 . . . . Smash 5 | . 3 . 2 . . Melee Attacks 25 | . 16 1 8 . . Impact 25 | . 16 1 8 . . Slashing . | . . . . . . Piercing . | . . . . . . Sneak Attacks 8 | . 5 . 3 . . Combat Hostiles . | . . . . . . Follow-up Attacks . | . . . . . . Damage Inflicted 8420 | . 1540 3464 3038 166 212 Guns 5179 | . 279 2516 2041 131 212 Cannons 1278 | . 815 463 . . . Explosions 1214 | . 89 380 745 . . Melee 590 | . 350 . 240 . . Ramming 159 | . 7 105 12 35 . Kinetic 5796 | . 997 2979 1673 62 85 Thermal 564 | . . . 368 69 127 Explosive 1214 | . 89 380 745 . . Electromagnetic 97 | . 97 . . . . Impact 590 | . 350 . 240 . . Slashing . | . . . . . . Piercing . | . . . . . . Highest Corruption 3 | . 3 . . . . Average Corruption 2 | . 2 . . . . Corruption Purged . | . . . . . . Corruption Blocked . | . . . . . . Effects 17 | . 17 . . . . Message Errors 2 | . 2 . . . . Matter Fused 3 | . 3 . . . . Heat Flow Errors 3 | . 3 . . . . Energy Discharges 3 | . 3 . . . . Data Loss (minor) 2 | . 2 . . . . Data Loss (major) 1 | . 1 . . . . Alerts 1 | . 1 . . . . Weapon Failures 2 | . 2 . . . . Overload Shots . | . . . . . . Overflow Damage 365 | . 90 63 212 . . Projectiles . | . . . . . . Explosions 56 | . . 54 2 . . Melee 309 | . 90 9 210 . . Knockbacks 13 | . 8 2 3 . . Impact 4 | . 1 . 3 . . Kinetic 8 | . 6 2 . . . Secondary 1 | . 1 . . . . Self-Inflicted Damage 18 | . 18 . . . . Shots 1 | . 1 . . . . Rammed 14 | . 1 8 2 3 . Targets Rammed 18 | . 1 10 2 5 . Kicked . | . . . . . . Crushed 4 | . . 2 . 2 . Highest Temperature 262 | . 262 170 175 51 209 Average Temperature 42 | . 58 21 32 26 104 Received Heat Transfer 1305 | . 306 519 384 36 60 Effects 2 | . 2 . . . . Interference 2 | . 2 . . . . Siege Activations . | . . . . . . Martial Activations . | . . . . . . Shielding Activations . | . . . . . . Robots Disrupted . | . . . . . . Combat Hostiles . | . . . . . . Robots Corrupted 4 | . 2 1 1 . . Combat Hostiles . | . . . . . . Parts Fried 10 | . 6 2 2 . . Impact Corruptions 11 | . 4 2 5 . . Robots Melted . | . . . . . . Combat Hostiles . | . . . . . . Parts Melted 2 | . . . 2 . . Heat Transferred 600 | . . . 455 95 50 Parts Sabotaged . | . . . . . . Parts Stolen 4 | . . . . . 4 Parts Stripped . | . . . . . . Power Chain Reactions . | . . . . . . Alert | -11 -10 -9 -9 -9 -9 ------- Run | Yrd Mat Mat Sto Rec Scr Maximum Alert Level 2 | . . 2 2 . . Low Security (%) 42 | . 100 8 17 100 . Level 1 56 | . . 89 82 . . Level 2 . | . . 1 . . . Level 3 . | . . . . . . Level 4 . | . . . . . . Level 5 . | . . . . . . High Security . | . . . . . . Max Security . | . . . . . . Peak Influence 420 | . 194 420 403 107 . Initial 105 | . . 76 48 105 . Average 207 | . 61 302 271 43 . Influence Increases 3050 | . 537 1032 1187 294 . Destroy 0b10 Robot/C 1780 | . 340 640 740 60 . Destroy 0b10 Robot/NC 260 | . 80 95 75 10 . Destroy Leader 454 | . 80 186 188 . . Allied During Kill 83 | . . . 49 34 . Successful Hack 112 | . 8 8 56 40 . Select Force Hacks 150 | . . . . 150 . Disable Machine 120 | . 15 60 45 . . Destroy Structure 91 | . 14 43 34 . . Influence Decreases 3050 | . 355 1098 1031 566 . Entered New Map 341 | . . 106 68 167 . Time Decay 1999 | . 355 662 593 389 . Lost Part 70 | . . 30 30 10 . Lost Ally 40 | . . . 40 . . Purge Threat 600 | . . 300 300 . . Squads Dispatched 17 | . 4 5 8 . . Investigation 9 | . 2 4 3 . . Extermination . | . . . . . . Reinforcement 5 | . 2 1 2 . . Assault 2 | . . . 2 . . Garrison 1 | . . . 1 . . Intercept . | . . . . . . Searches Triggered . | . . . . . . Construction Impeded . | . . . . . . Haulers Reinforced . | . . . . . . Active Scanning Responses . | . . . . . . Cargo Convoy Interrupts . | . . . . . . Stealth | -11 -10 -9 -9 -9 -9 --------- Run | Yrd Mat Mat Sto Rec Scr Distress Signals 10 | . 2 4 4 . . Communications Jammed . | . . . . . . Distress Signals . | . . . . . . Times Spotted 147 | . 30 49 47 3 18 Peak Tracking Total 23 | . 4 6 7 1 23 Tactical Retreats . | . . . . . . Traps | -11 -10 -9 -9 -9 -9 ------- Run | Yrd Mat Mat Sto Rec Scr Traps Triggered 7 | . 3 2 2 . . Indirectly . | . . . . . . Trap Hack Attempts . | . . . . . . Triggered . | . . . . . . Disarmed . | . . . . . . Reprogrammed . | . . . . . . Reused . | . . . . . . Traps Extracted . | . . . . . . Installed . | . . . . . . Triggered . | . . . . . . Machines | -11 -10 -9 -9 -9 -9 ---------- Run | Yrd Mat Mat Sto Rec Scr Machines Disabled 8 | . 1 4 3 . . Max in Single Turn 1 | . 1 1 1 . . Machines Repaired . | . . . . . . Machines Dismantled . | . . . . . . Machines Sabotaged . | . . . . . . Overloaded Fab Kills . | . . . . . . Hacking | -11 -10 -9 -9 -9 -9 --------- Run | Yrd Mat Mat Sto Rec Scr Machines Accessed 42 | . 7 9 16 10 . Terminals 30 | . 5 7 13 5 . Fabricators . | . . . . . . Repair Stations 2 | . . 1 1 . . Recycling Units 9 | . 2 . 2 5 . Scanalyzers 1 | . . 1 . . . Garrison Access . | . . . . . . Total Hacks 105 | . 20 27 37 21 . Successful 52 | . 6 12 19 15 . Failed 51 | . 13 14 18 6 . Catastrophic 11 | . 3 2 4 2 . Database Lockouts 2 | . 1 1 . . . Manual 66 | . 17 21 21 7 . Terminals 84 | . 18 24 33 9 . Fabricators . | . . . . . . Repair Stations 2 | . . 1 1 . . Recycling Units 17 | . 2 . 3 12 . Scanalyzers 2 | . . 2 . . . Garrison Access . | . . . . . . Terminal Hacks 23 | . 1 5 11 6 . Part Schematic 4 | . . . . 4 . Robot Analysis 3 | . 1 . 1 1 . Prototype ID Bank 1 | . . . . 1 . Open Door 4 | . . . 4 . . Branch Access Points 2 | . . 2 . . . Garrison Index 1 | . . . 1 . . Alert Level 2 | . . 1 1 . . Unreport Threat 4 | . . 2 2 . . Hauler Manifests 1 | . . . 1 . . Zone Layout 1 | . . . 1 . . Fabricator Hacks . | . . . . . . Repair Station Hacks . | . . . . . . Recycling Unit Hacks 8 | . 2 . 2 4 . Retrieve Components 8 | . 2 . 2 4 . Scanalyzer 1 | . . 1 . . . Retrieve Study 1 | . . 1 . . . Garrison Access Hacks . | . . . . . . Unauthorized Hacks 20 | . 3 6 6 5 . Terminals 13 | . 3 5 5 . . Assimilate 1 | . . . 1 . . Botnet 12 | . 3 5 4 . . Fabricators . | . . . . . . Repair Stations 2 | . . 1 1 . . Mechanics 1 | . . . 1 . . Patch 1 | . . 1 . . . Recycling Units 5 | . . . . 5 . Tunnel 5 | . . . . 5 . Scanalyzers . | . . . . . . Garrison Access . | . . . . . . Data Cores Recovered . | . . . . . . Used . | . . . . . . Hacking Detections 32 | . 6 6 14 6 . Full Trace Events 9 | . 2 2 3 2 . Feedback Events . | . . . . . . Feedback Blocked . | . . . . . . Robot Schematics Acquired . | . . . . . . Robots Built . | . . . . . . Authchips . | . . . . . . Time . | . . . . . . Total Robot Build Rating . | . . . . . . Part Schematics Acquired 4 | . . . . 4 . Parts Built . | . . . . . . Authchips . | . . . . . . Time . | . . . . . . Total Part Build Rating . | . . . . . . Part Studies Acquired 1 | . . 1 . . . Parts Repaired . | . . . . . . Time . | . . . . . . Parts Recycled . | . . . . . . Recycled Matter . | . . . . . . Retrieved Matter . | . . . . . . Retrieved Components 30 | . 11 . 10 9 . Parts Scanalyzed . | . . . . . . Part Schematics Acquired . | . . . . . . Parts Damaged . | . . . . . . Bothacking | -11 -10 -9 -9 -9 -9 ------------ Run | Yrd Mat Mat Sto Rec Scr Used RIF Installer . | . . . . . . Robots Hacked . | . . . . . . Non-combat . | . . . . . . Combat . | . . . . . . Robot Hacks Applied . | . . . . . . Relay Couplers Released . | . . . . . . Fabnet Peak Effective % . | . . . . . . Robots Rewired . | . . . . . . Allies Hacked . | . . . . . . Hacks Repelled . | . . . . . . Allies | -11 -10 -9 -9 -9 -9 -------- Run | Yrd Mat Mat Sto Rec Scr Total Allies 12 | . . . 12 . . Largest Group 10 | . . . 10 10 10 Highest-Rated Group 88 | . . . 88 88 88 Highest-Rated Ally 31 | . . . 31 16 16 Total Orders . | . . . . . . Ally Attacks 81 | . . . 32 9 40 Total Damage 1010 | . . . 525 87 398 Kills 12 | . . . 11 1 . Allies Corrupted . | . . . . . . Allies Melted . | . . . . . . Intel | -11 -10 -9 -9 -9 -9 ------- Run | Yrd Mat Mat Sto Rec Scr Active Infowar (turns) . | . . . . . . Robot Analysis Total 3 | . 1 . 1 1 . Derelict Logs Recovered . | . . . . . . Drone Launches . | . . . . . . Drone Recoveries . | . . . . . . Exploration | -11 -10 -9 -9 -9 -9 ------------- Run | Yrd Mat Mat Sto Rec Scr Turns Passed 8291 | . 1286 2501 2140 1156 1208 Spaces Moved 4097 | 1 646 1145 880 685 740 Core . | . . . . . . Treads 3985 | . 535 1145 880 685 740 Legs 112 | 1 111 . . . . Wheels . | . . . . . . Hover . | . . . . . . Flight . | . . . . . . Fastest Speed 120 | 120 120 160 160 160 160 Average Speed 171 | 120 153 178 194 160 160 Slowest Speed 240 | 120 160 240 240 160 160 Overloaded Moves . | . . . . . . Propulsion Burnouts . | . . . . . . Robots Hopped . | . . . . . . Potential Cave-ins . | . . . . . . Cave-ins Triggered . | . . . . . . Exploration Rate (%) 69 | 2 87 85 91 93 57 Regions Visited 5 Branch Regions 3 Pre-discovered Areas 5 | . . . . 5 . Known Exits Taken 3 | . . 1 1 1 . Unknown Exits Taken 2 | 1 1 . . . . Scrap Searched . | . . . . . . Spaces Dug 23 | . 7 9 7 . . Terrain Destroyed 80 | . 12 39 29 . . Melee 1 | . . . 1 . . Projectile . | . . . . . . AOE 79 | . 12 39 28 . . Terrain Rammed . | . . . . . . Walls Destroyed . | . . . . . . Machines Disabled . | . . . . . . Actions | -11 -10 -9 -9 -9 -9 --------- Run | Yrd Mat Mat Sto Rec Scr Total 4830 | . 811 1390 1147 733 749 Wait 144 | . 37 9 68 29 1 Move 4092 | . 645 1144 879 684 740 Hop . | . . . . . . Pick Up 51 | . 18 20 12 1 . Fast Attach 10 | . 4 5 . 1 . Attach 5 | . . 2 3 . . Detach 1 | . 1 . . . . Swap 72 | . 13 23 33 3 . Drop 76 | . 18 27 27 4 . Fire 334 | . 58 149 113 6 8 Melee 25 | . 16 1 8 . . Ram . | . . . . . . Kick . | . . . . . . Crush 18 | . 1 10 2 5 . Escape Stasis 2 | . . . 2 . . Rewire . | . . . . . . Trap . | . . . . . . Miscellaneous . | . . . . . . Route ------- -11/Scrapyard -10/Materials (discovered 5 exits: *Mat x2 / [*Min x2] / [*Sub]) -9/Materials (discovered 6 exits: *Mat x3 / *Min x2 / *Sto) -9/Storage (discovered 2 exits: *Mat / *Rec) -9/Recycling (discovered 2 exits: [*Fac] / *Scr) -9/Scraptown History --------- Turn | Location | Event 1 | -11/Scrapyard | Discovered new exit (range 0) 1 | -11/Scrapyard | Entered Materials 208 | -10/Materials | Discovered new exit (range 15) 306 | -10/Materials | Build established: Mutant 396 | -10/Materials | Central database locked down 446 | -10/Materials | Discovered new exit (range 16) 674 | -10/Materials | Discovered new exit (range 14) 884 | -10/Materials | Discovered new exit (range 3) 1281 | -10/Materials | Discovered new exit (range 7) 1287 | -10/Materials | Entered another Materials area 1287 | -9/Materials | Evolved 2 slots: Propulsion x1, Utility x1 1612 | -9/Materials | Destroyed 7 combat bots 1728 | -9/Materials | Discovered new exit (range 15) 1801 | -9/Materials | Discovered new exit (range 16) 2308 | -9/Materials | Discovered new exit (range 11) 2451 | -9/Materials | Build established: Scavenger-Mutant 3423 | -9/Materials | Central database locked down 3506 | -9/Materials | Identified exit to Mines 3506 | -9/Materials | Identified exit to Storage 3601 | -9/Materials | Build established: Mutant 3634 | -9/Materials | Discovered new exit (range 13) 3674 | -9/Materials | Identified exit to Materials 3788 | -9/Materials | Entered Storage 3960 | -9/Storage | Met a pair of Derelict thieves 4068 | -9/Storage | Destroyed 7 combat bots 4702 | -9/Storage | Discovered exit to Materials (range 15) 4948 | -9/Storage | Core integrity fell below 50% 5204 | -9/Storage | Build established: Scavenger-Mutant 5758 | -9/Storage | Garrison activated, responded to threat 5883 | -9/Storage | Assisted by bots powering up and referring to "LRC-V3" 5908 | -9/Storage | Used back door to open Recycling access 5908 | -9/Storage | Discovered new exit (range 3) 5909 | -9/Storage | Identified exit to Recycling 5928 | -9/Storage | Entered Recycling 5928 | -9/Recycling | Accompanied by 10 allies 6160 | -9/Recycling | Scanned before Scraplab entrance 6172 | -9/Recycling | Build established: Commander-Mutant 6453 | -9/Recycling | Discovered new exit (range 16) 7038 | -9/Recycling | Entered Scraplab 7078 | -9/Recycling | Discovered new exit (range 3) 7079 | -9/Recycling | Identified exit to Scraptown 7084 | -9/Recycling | Entered Scraptown 7084 | -9/Scraptown | Accompanied by 10 allies 7161 | -9/Scraptown | Visited Cyclists 7176 | -9/Scraptown | Visited Comm Corps 7192 | -9/Scraptown | Visited Shadow of the Wyrm 7214 | -9/Scraptown | Visited Spacefarers 7238 | -9/Scraptown | Visited Red Mages 7254 | -9/Scraptown | Visited Fellowship of the Rings 7286 | -9/Scraptown | Visited Junk Repository 7552 | -9/Scraptown | Visited UFD Registry 7552 | -9/Scraptown | Registered with UFD as "Matrixstep" 7633 | -9/Scraptown | Visited A0-MCA Data Center 7665 | -9/Scraptown | Visited Supply Room 7689 | -9/Scraptown | Visited Observation Area 7704 | -9/Scraptown | Visited Abandonware Association 7758 | -9/Scraptown | Visited Chapter 10 7995 | -9/Scraptown | Visited Supply Room 8270 | -9/Scraptown | Attacked by Scraptown defenders 8290 | -9/Scraptown | Core integrity fell below 20% 8292 | -9/Scraptown | Destroyed by Optimus with Helical Railgun Last Messages --------------- 08279_ Mercenary 2d destroyed. 08281_ PN-SKV(p): "Nice to scrap you!" 08281_ Penetrated by Slug. 08283_ UA-G9X(h): "0b10-spawn!" 08283_ Penetrated by Slug. 08286_ Lgt. Treads ripped off. 08288_ Penetrated by Slug. 08288_ H7-74A(r) follow-up attacks with Ripteeth. 08289_ Critical hit (Destroy). 08289_ Lgt. Treads destroyed. 08290_ Imp. Assault Rifle ripped off. 08290_ H7-74A(r) follow-up attacks with Ripteeth. 08290_ Lgt. Armor Plating destroyed. 08290_ Penetrated by Slug. 08290_ Mercenary 2c destroyed. 08291_ 7E-J3S(g) destroyed. 08292_ 9O-5KA(p): "I've dealt with worse than you! Then I woke up, so don't hurt me please." 08292_ Cld. Ion Engine ripped off. 08292_ Penetrated by Slug. Map ----- +----------------------------------------------------+ | ??????????????????????""""""????????????# #" ???? | | ??????????????????????""""""????????????# #" "??? | | ?????????????????????"""""""?????######?# #" "??? | | ????????###?###????#""" """##"""** ?# #" "??? | | ???????#!/!?!!#????#""" """##"""** ??# #" "??? | | ???????# * ? *#????#"!" """##"]]]] ""## #" """" | | ???????? # #????#""" """"##[[ ""## #" | | ????????? ?????#""" ""???[[ "## #"" | | ?????????? ???????? ??????? ??# # ?? | | ??????????# #?????????# #?????????# #???# ## #??? | | ??????##### ########### ########### ##### ## ##?? | | ??????#"""" """"""""""" """"""""""" """"" "" "#?? | | ??????#" "#?? | | ??????#" "#?? | | ??????#" "#? | | ??????#" "## | | ??#####" | | ??#"""" """" """"""""p"""""""""""""" "## | | ??#"""" """"" """"""" """""""""""""" "#? | | ??#"""" ""####;# ###;############"" "#?? | | ??#"""" ""# ##????????#"" "#?? | | ??#"""" ""# X"#????????#"" "#?? | | #?#"""" ""# "" ""[%!##????????#"" "#?? | | #"#"""" ""# " ""*==#??????###"" "#?? | | ""#"""" ""# [%"j%######### #"" "## | | #######" "" ""==@r*Ep%h%*p jp r | | #?????#" "" =%3*% E![ Exg "## | | #######" ""# " *[r*#####;### #"" "#?? | | ""# "" ""g""#??????###"" "#?? | | ""# "" "" ##????????#"" "#?? | | ""# X"#????????#"" "#?? | | ""# ##????????#"" "#?? | | ""###### ################"" "#?# | | """""""""""""""""""""""""""" "## | | """""""""""""""""""""""""""" | | "## | | "#? | | "#?? | | #""""#" ##? | | #????#" #? | | #????#"""""" """"""""""" """"""""""" """""" ##? | | ##????####### ########### ########### ###### #?? | | ??????????? ???????"""""??????? ???# #?? | | ?????????#" " ??? ????# ??# #?? | | ?????????# "" "## #?#"! !"## #?? | | ?????????# "" ##""""" #?#"! !"## #?? | | ?????????# "" " ?######## #?#"! !"## #?? | | ?????????#!?!!"""?????????? "#?#"! !"## ### | | ????????????###???????????? ""#?#"! "?# | | ???????????????????????????""""#??###X #?# | +----------------------------------------------------+ Best States ------------- Heat Dissipation 42 Energy Generation 18 Energy Capacity 280 Matter Stores 300 Matter Capacity 300 Sight Range 16 Terrain Scan Density 10 Armor Coverage 225 Evasion (%) 55 Recoil Reduction 3 Authchip Count 5 Item Schematics ----------------- Arm. Huge Wheel | -9/Recycling | Hacked Med. Storage Unit | -9/Recycling | Hacked Imp. Treads | -9/Recycling | Hacked Imp. Hover Unit | -9/Recycling | Hacked Robot Schematics ------------------ None Fabricated ------------ Nothing Repaired ---------- Nothing Studied --------- Autogun | -9/Materials | Hacked Alien Tech Used ----------------- None Achievements -------------- None Challenges ------------ None Game ------ Seed LargeSurveybotStatue Manual? 0 Play Time 00:37:44 Cumulative 338.7 hours Start 2026.01.27 @ 17:34:32 End 2026.01.27 @ 18:13:00 Sessions 1 Manual Loads 0 Difficulty Rogue Special Mode None Game No. 418 Rogue 416 Adventurer 2 Explorer 0 Win Type - Total 4 Types 2/0/0/1/1/0/0/0/0/0 Lore% 81 Gallery% 71 Achievement% 62 Wizard Run 0 Options --------- Layout 0 ASCII 0 Keyboard 0 Movement Numpad Keybinds 0 Fullscreen 2 Font 24/Smallcaps Map View 76x50 Zoom Use 0% Tactical HUD 1 Map Filters NONE Filters NONE Steam 1 RUN: 8a59a940-e3ea-4964-81b7-86a26dee973e